 Dungeon Crawl Stone Soup version 0.17-a0-2122-g03d97ec (webtiles) character file.

2934 Ordine the Cruncher (level 9, -4/108 HPs)
             Began as a Minotaur Gladiator on Oct 20, 2015.
             Was a Follower of Ru.
             Slain by an unseen horror (7 damage)
             ... on level 6 of the Dungeon.
             The game lasted 00:19:49 (6095 turns).

Ordine the Cruncher (Minotaur Gladiator)            Turns: 6095, Time: 00:19:49

Health: -4/108     AC: 24    Str: 21      XL:     9   Next: 51%
Magic:  8/8        EV:  2    Int:  5      God:    Ru [*.....]
Gold:   50         SH:  0    Dex: 11 (13) Spells: 0 memorised, 8 levels left

rFire  . . .     SeeInvis .     a - +0 quarterstaff
rCold  . . .     Clarity  .     (armour currently unavailable)
rNeg   + + +     SustAt   .     (no shield)
rPois  +         Gourm    .     (helmet currently unavailable)
rElec  .         Spirit   .     (cloak currently unavailable)
rCorr  .         Warding  .     (gloves currently unavailable)
rMut   .         NoTele   +     (boots currently unavailable)
MR     .....                    (no amulet)
Stlth  +.........               (no ring)
                                (no ring)

@: tree-form, not resistant to hostile enchantments, very unstealthy
A: (retaliatory headbutt), (horns 0), (icy blue scales 0), blurry vision 1,
deterioration 1, subdued magic 1, no ice magic, no translocations magic, no
transmutations magic
a: Renounce Religion


You were on level 6 of the Dungeon.
You worshipped Ru.
Ru was aware of your devotion.
You were not hungry.
You were a tree.
You visited 2 branches of the dungeon, and saw 7 of its levels.

You collected 170 gold pieces.
You spent 120 gold pieces at shops.

Inventory:

Hand Weapons
 a - a +0 quarterstaff (weapon)
Missiles
 d - 3 throwing nets (quivered)
Armour
 b - a +0 leather armour (melded)
 c - a +1 hat (melded)
 j - a +0 pair of gloves (melded)
Wands
 g - a wand of fireball (8)
 p - a wand of digging (11)
 r - a wand of fire (1)
Scrolls
 f - 3 scrolls of teleportation
 h - a scroll of fear
 l - 4 scrolls of recharging
 n - a scroll of enchant armour
Potions
 i - 4 potions of might
 m - a potion of lignification
Comestibles
 e - 4 bread rations
 k - 4 beef jerkies
 o - a meat ration
 q - 3 fruits
 u - 2 chunks of flesh


   Skills:
 + Level 4.4 Fighting
 - Level 14.0 Staves
 - Level 2.0 Throwing
 + Level 3.7 Armour
 + Level 4.8 Dodging


You had 8 spell levels left.
You didn't know any spells.

Dungeon Overview and Level Annotations

Branches:
Dungeon (6/15)             Temple (1/1) D:5

Altars:
Cheibriados
Dithmenos
Elyvilon
Fedhas
Gozag
Kikubaaqudgha
Makhleb
Okawaru
Ru
Sif Muna
Vehumet
Xom
Zin

Shops:
D:5 *


Innate Abilities, Weirdness & Mutations

((You reflexively headbutt those who attack you in melee.))
((You have a pair of horns on your head.))
You cannot study or cast Ice magic.
You cannot study or cast Translocations magic.
You cannot study or cast Transmutations magic.
((You are partially covered in icy blue scales (AC +1).))
Scrolls take you a little longer to read.
Your body sometimes deteriorates upon taking damage.
Your spells are a little easier to cast, but a little less powerful.


Message History

* * * LOW HITPOINT WARNING * * *
Drink which item? (? for menu, Esc to quit)
You turn into a tree.
Your +1 hat melds into your body.
Your +0 pair of gloves melds into your body.
Your +0 leather armour melds into your body.
Your roots penetrate the ground.
Something hits you but does no damage.
Unknown command.
You cannot move.
You cannot move.
You cannot move.
You cannot move.
You cannot move.
You swing at nothing.
Something hits you but does no damage.
You swing at nothing.
Something hits you but does no damage.
You swing at nothing.
Something hits you but does no damage.
You swing at nothing.
Something hits you but does no damage.
You closely miss something. Something hits you.
* * * LOW HITPOINT WARNING * * *
You swing at nothing.
Something hits you!
You die...

#.###.# #...... #.#(..# # .....
####...### $###..........#><#
..........##.#)(# #..$.#
#.......## # #.!..#
####.....######
(..#....########........)
#.....)%♣................
#.###...####............. g# ..
......t# #............. .g. #.
...#....####.............
....#.###.#.....................
..g.#.o!..#....####..........^..
.......#......## #.........#.>.
.....g.#.###..# #.........##..
#...#...g..# #.........##..


You could see a crocodile.

Vanquished Creatures
  Grinder (D:6)
  Eustachio (D:6)
  Duvessa (D:5)
  An ice beast (D:5)
  2 sky beasts
  A black bear (D:5)
  A phantom (D:5)
  2 centaurs (D:6)
  3 ogres
  4 giant frogs (D:6)
  Blork the orc (D:5)
  Dowan (D:5)
  A scorpion (D:5)
  4 wights (D:5)
  2 gnoll shamans
  An iguana (D:4)
  Ijyb (D:2)
  2 jellies (D:5)
  Jessica (D:3)
  3 giant frog skeletons
  7 worker ants
  2 hounds (D:5)
  Natasha (thrice) (D:3)
  5 orc wizards
  Robin (D:3)
  15 gnolls
  5 adders
  2 shadow imps (D:5)
  An ooze (D:2)
  2 worms
  An adder skeleton (D:5)
  3 giant geckos
  25 orcs
  4 ball pythons
  4 giant cockroaches
  6 hobgoblins
  7 jackals
  14 kobolds
  4 quokkas
  11 bats
  A giant gecko skeleton (D:5)
  6 giant newts
  9 goblins
  A jackal zombie (D:6)
  A quokka skeleton (D:5)
  8 rats
182 creatures vanquished.

Notes
Turn   | Place    | Note
--------------------------------------------------------------
     0 | D:1      | Ordine the Minotaur Gladiator began the quest for the Orb.
     0 | D:1      | Reached XP level 1. HP: 18/18 MP: 0/0
    71 | D:1      | Reached skill level 4 in Staves
    95 | D:1      | Reached XP level 2. HP: 13/25 MP: 1/1
   701 | D:2      | Noticed Ijyb
   705 | D:2      | Killed Ijyb
   705 | D:2      | Reached skill level 5 in Staves
   705 | D:2      | Reached XP level 3. HP: 24/30 MP: 2/2
   964 | D:2      | Found a sacrificial altar of Ru.
   971 | D:2      | Became a worshipper of Ru the Awakened
   988 | D:2      | Reached XP level 4. HP: 35/37 MP: 3/3
  1054 | D:2      | Reached skill level 6 in Staves
  1521 | D:3      | Reached skill level 7 in Staves
  1521 | D:3      | Reached XP level 5. HP: 38/42 MP: 4/4
  1573 | D:3      | Noticed Natasha
  1582 | D:3      | Killed Natasha
  1669 | D:3      | Noticed Robin
  1693 | D:3      | Killed Robin
  1737 | D:3      | Found a shadowy altar of Dithmenos.
  1850 | D:3      | Noticed Jessica
  1860 | D:3      | Killed Jessica
  1860 | D:3      | Reached skill level 8 in Staves
  2152 | D:3      | Reached XP level 6. HP: 50/50 MP: 5/5
  2317 | D:3      | Noticed Natasha
  2322 | D:3      | Killed Natasha
  2693 | D:3      | Noticed Natasha
  2697 | D:3      | Killed Natasha
  2854 | D:4      | Reached skill level 9 in Staves
  2880 | D:4      | Reached XP level 7. HP: 8/56 MP: 6/6
  3284 | D:4      | Reached skill level 10 in Staves
  3418 | D:5      | Entered Level 5 of the Dungeon
  3577 | D:5      | Reached skill level 11 in Staves
  3581 | D:5      | Gained mutation: Your body sometimes deteriorates upon taking damage. [mutagenic meat]
  3582 | D:5      | Gained mutation: Scrolls take you a little longer to read. [mutagenic meat]
  3583 | D:5      | Gained mutation: Your spells are a little easier to cast, but a little less powerful. [mutagenic meat]
  3584 | D:5      | Gained mutation: You are partially covered in icy blue scales (AC +1). [mutagenic meat]
  3771 | D:5      | Reached XP level 8. HP: 39/62 MP: 7/7
  4086 | D:5      | Reached skill level 12 in Staves
  4215 | D:5      | Noticed Blork the orc
  4236 | D:5      | Killed Blork the orc
  4372 | D:5      | Noticed Duvessa
  4372 | D:5      | Noticed Dowan
  4381 | D:5      | Killed Duvessa
  4389 | D:5      | Killed Dowan
  4389 | D:5      | Reached skill level 13 in Staves
  4482 | D:5      | Found a staircase to the Ecumenical Temple.
  4496 | Temple   | Entered the Ecumenical Temple
  4586 | D:5      | Found Vocli's Elemental Accessories.
  4598 | D:5      | Bought a wand of fire (1) for 120 gold pieces
  4684 | D:5      | Gained mutation: You cannot study or cast Ice magic. [Ru sacrifice]
  4684 | D:5      | Gained mutation: You cannot study or cast Transmutations magic. [Ru sacrifice]
  4684 | D:5      | Gained mutation: You cannot study or cast Translocations magic. [Ru sacrifice]
  4684 | D:5      | Reached * piety under Ru
  5411 | D:6      | Reached XP level 9. HP: 39/68 MP: 8/8
  5416 | D:6      | Reached skill level 14 in Staves
  5655 | D:6      | Reached skill level 1 in Armour
  5725 | D:6      | Noticed Grinder
  5863 | D:6      | Paralysed by Grinder for 5 turns
  5872 | D:6      | Killed Grinder
  5883 | D:6      | Noticed Eustachio
  6056 | D:6      | Killed Eustachio
  6088 | D:6      | HP: 2/72 [something (11)]
  6094 | D:6      | HP: 3/108 [something (1)]
  6095 | D:6      | Slain by an unseen horror

Vault maps used:
D:1:      dpeg_arrival_rhombus
D:2:      nicolae_ru_the_path_less_chosen, uniq_iyjb
D:3:      grunt_dithmenos_smoke_and_mirrors, uniq_robin, uniq_natasha,
          uniq_jessica
D:5:      temple_green, first_bread, nicolae_elemental_shop, uniq_duvessa,
          uniq_blork_the_orc
D:6:      hangedman_cross_stitches, serial_shops, shop, uniq_eustachio,
          uniq_grinder
Temple:   circular_temple_pool_12

Action                   |  1- 3 |  4- 6 |  7- 9 || total
-------------------------+-------+-------+-------++-------
Melee: Quarterstaff      |    54 |   186 |   284 ||   524
Throw: Throwing net      |       |       |     1 ||     1
Invok: Reject Sacrifices |       |     1 |       ||     1
       Sacrifice Arcana  |       |       |     1 ||     1
  Use: Scroll            |     8 |     6 |     4 ||    18
       Potion            |       |     2 |     3 ||     5
 Stab: Sleeping          |     1 |       |     1 ||     2
  Eat: Chunk             |       |     6 |    15 ||    21
